 Dungeon Crawl Stone Soup version 0.22-a0-379-ga9d99d6 (webtiles) character file.

78 JeffiDaFish the Grave Robber (level 4, 0/33 HPs)
             Began as a Draconian Necromancer on Apr 28, 2018.
             Slain by a centaur skeleton (5 damage)
             ... on level 4 of the Dungeon.
             The game lasted 00:05:38 (3457 turns).

JeffiDaFish the Grave Robber (DrNe)                 Turns: 3457, Time: 00:05:38

Health: 0/33       AC:  5    Str: 11    XL:     4   Next: 15%
Magic:  2/8        EV: 12    Int: 16    God:
Gold:   146        SH:  0    Dex: 11    Spells: 1/8 levels left

rFire    . . .     SeeInvis .   a - +0 dagger
rCold    + . .     Gourm    .   (no shield)
rNeg     . . .     Faith    .   (armour unavailable)
rPois    .         Spirit   .   (helmet restricted)
rElec    .         Reflect  .   (no cloak)
rCorr    .         Harm     .   (no gloves)
MR       .....                  (no boots)
Stlth    ++........             (no amulet)
HPRegen  1.11/turn              c - ring of protection from cold
MPRegen  0.11/turn              (no ring)

@: regenerating
A: unfitting armour, cold-blooded, AC +5
a: no special abilities


You were on level 4 of the Dungeon.
You were not hungry.

You visited 1 branch of the dungeon, and saw 4 of its levels.

You collected 146 gold pieces.

Inventory:

Hand Weapons
 a - a +0 dagger (weapon)
Armour
 i - a +0 buckler
Jewellery
 c - a ring of protection from cold (left hand)
Wands
 e - a wand of iceblast (15)
Scrolls
 d - 3 scrolls of identify
 g - 2 scrolls of enchant armour
 h - 2 scrolls of teleportation
Comestibles
 b - 6 rations
 f - 2 chunks of flesh


   Skills:
 + Level 2.6 Dodging
 - Level 1.7 Stealth
 + Level 2.9 Spellcasting
 + Level 4.6 Necromancy


You had one spell level left.
You knew the following spells:

 Your Spells              Type           Power        Failure   Level  Hunger
a - Pain                  Necr           ###.         2%          1    #......
b - Vampiric Draining     Necr           ###.......   9%          3    ###....
c - Regeneration          Chrm/Necr      #.........   22%         3    ###....


Dungeon Overview and Level Annotations

Branches:
Dungeon (4/15)
 Temple: D:4-7

Altars:
Ashenzari
Fedhas
Okawaru
Vehumet

Annotations:
D:3 JeffiDaFish's ghost, amateur DrNe


Innate Abilities, Weirdness & Mutations

Your plain brown scales are hard. (AC +5)
You cannot fit into any form of body armour.
You are cold-blooded and may be slowed by cold attacks.


Message History

The centaur skeleton hits you.
* * * LOW HITPOINT WARNING * * *
The orc hits you with a dagger.
* * * LOW HITPOINT WARNING * * *
Casting: Pain (safe; 2% risk of failure)
Confirm with . or Enter, or press ? or * to list all spells.
Aiming: Vampiric Draining (safe; 9% risk of failure)
Press: ? - help, Shift-Dir - straight line, f - orc
Aim: an orc, wielding a dagger You kill the orc!
You feel life coursing into your body. The centaur skeleton barely misses you.
The centaur skeleton closely misses you.
Casting: Vampiric Draining (safe; 9% risk of failure)
Confirm with . or Enter, or press ? or * to list all spells.
Your skin crawls.
The centaur skeleton hits you.
* * * LOW HITPOINT WARNING * * *
You hit the centaur skeleton.
The centaur skeleton is severely damaged.
The centaur skeleton hits you.
You die...

... ...
#.# #.# #
#.# #.##
#.# ....#
#)##.....#
#<@Z.....#
#.##.....#
#.# ....#
#.. ....
### ###


You could see a centaur skeleton.

Vanquished Creatures
  3 adders
  A dart slug (D:2)
  8 orcs
  2 giant cockroaches
  7 goblins
  3 hobgoblins
  5 kobolds
  A ball python (D:3)
  A bat (D:1)
  3 frilled lizards
  7 rats
41 creatures vanquished.

Notes
Turn   | Place    | Note
-------+----------+-------------------------------------------
     0 | D:1      | JeffiDaFish the Draconian Necromancer began the quest for the Orb.
     0 | D:1      | Reached XP level 1. HP: 14/14 MP: 3/3
   536 | D:1      | Reached XP level 2. HP: 17/20 MP: 1/5
  1499 | D:2      | Reached XP level 3. HP: 25/26 MP: 3/6
  1512 | D:2      | Found a blossoming altar of Fedhas.
  1984 | D:3      | Found a radiant altar of Vehumet.
  2984 | D:3      | Learned a level 3 spell: Vampiric Draining
  2988 | D:3      | Learned a level 3 spell: Regeneration
  3153 | D:3      | Noticed JeffiDaFish's ghost (amateur DrNe)
  3207 | D:3      | Found a shattered altar of Ashenzari.
  3242 | D:3      | Reached XP level 4. HP: 26/33 MP: 1/8
  3380 | D:3      | Found an iron altar of Okawaru.
  3457 | D:4      | Slain by a centaur skeleton

Vault maps used:
D:1:      scummos_arrival_simple_crosswalls, minmay_misc_feat_nine_boxes
D:2:      overflow_temple_1_default
D:3:      fiery_altar_vehumet, marbit_many_paths, okawaru_metal_pillars_1_2,
          hangedman_decor_diamond_cutter
D:4:      first_ration

Skill      XL: |  1 |
---------------+----+-----
Dodging        | 2 |  2.6
Stealth        | |  1.7
Spellcasting   | |  2.9
Necromancy     | |  4.6

Action                   |  1- 3 |  4- 6 || total
-------------------------+-------+-------++-------
Melee: Tailslap          |     3 |     4 ||     7
       Dagger            |    31 |    13 ||    44
       Unarmed           |     1 |       ||     1
 Cast: Pain              |    66 |     3 ||    69
       Vampiric Draining |       |     2 ||     2
       Regeneration      |       |     1 ||     1
  Use: Scroll            |     5 |     1 ||     6
       Potion            |     6 |       ||     6
 Stab: Sleeping          |     4 |       ||     4
  Eat: Ration            |     1 |       ||     1
       Chunk             |     4 |     1 ||     5
Armor: Skin              |     5 |     1 ||     6
Dodge: Dodged            |    19 |    11 ||    30

Table legend:
 A = Spawn XP
 B = Non-spawn XP
 C = Spawn XP percentage of total XP
 D = Spawn monster count
 E = Non-spawn monster count
 F = Spawn count percentage of total count
 G = Total turns spent on level
                    A         B        C        D         E        F      G
               +---------+---------+-------+---------+---------+-------+---------
         Total |       0 |     112 |   0.0 |       0 |      41 |   0.0 |  3457
               +---------+---------+-------+---------+---------+-------+---------
           D:1 |       0 |      17 |   0.0 |       0 |      10 |   0.0 |  1032
           D:2 |       0 |      35 |   0.0 |       0 |      13 |   0.0 |  1152
           D:3 |       0 |      57 |   0.0 |       0 |      17 |   0.0 |  1257
           D:4 |       0 |       3 |   0.0 |       0 |       1 |   0.0 |    16
               +---------+---------+-------+---------+---------+-------+---------
